Map: Неоновая площадь РВ

Players

ИИ 1 (ученик)

  • Race: Protoss Protoss
  • Spawn Location: 5:00

Doll - Winner!

  • Race: Protoss Protoss
  • Spawn Location: 11:00

VOD

Have the link to the VOD?

Description

Time

  • Played on: Dec. 13, 2020, 11:28 a.m.
  • Length: 8:06
Show
View Real Time Build Order
Export as new Build Order

ИИ 1 (ученик) Protoss 

Build Orders:  

Get SALT Encoding   

  12  0:00  Probe  
  13  0:13  Probe  
  14  0:21  Pylon  
  14  0:25  Probe  
  15  0:35  Probe  
  16  0:44  Assimilator  
  16  0:50  Gateway  
  16  0:53  Pylon  
  16  1:20  Assimilator  
  16  1:29  Zealot  
  18  1:40  Cybernetics Core  
  18  2:05  Pylon  
  18  2:06  Probe  
  18  2:14  Probe  
  19  2:17  Adept  
  19  2:19  Warp Gate  
  22  2:24  Probe  
  23  2:36  Probe  
  24  2:47  Stalker  
  24  2:48  Probe  
  27  3:00  Probe  
  28  3:19  Stalker  
  30  3:52  Adept  
  32  4:23  Probe  
  32  6:55  Sentry  
  32  6:56  Probe  
  32  6:57  Pylon  
  35  7:02  Nexus  
  35  7:14  Probe  
  32  7:16  Robotics Facility  
  32  7:18  Pylon  
  32  7:19  Stalker  
  28  7:42  Probe, Sentry  
Show
View Real Time Build Order
Export as new Build Order

Doll Protoss - Winner!

Build Orders: 1 Gate Expand, Dark Templar Rush 

Get SALT Encoding   

  12  0:00  Probe  
  13  0:12  Probe  
  14  0:21  Pylon  
  14  0:25  Probe  
  15  0:42  Probe (Chrono Boost), Gateway  
  16  0:48  Assimilator  
  16  0:52  Probe (Chrono Boost)  
  17  0:57  Probe (Chrono Boost)  
  18  1:06  Pylon  
  18  1:09  Probe (Chrono Boost)  
  19  1:17  Probe (Chrono Boost)  
  20  1:35  Nexus  
  20  1:40  Zealot  
  20  1:43  Probe  
  23  1:56  Cybernetics Core, Probe  
  24  2:07  Zealot  
  26  2:08  Probe  
  26  2:13  Assimilator  
  27  2:21  Pylon, Probe  
  28  2:32  Warp Gate  
  28  2:35  Probe  
  28  2:36  Stalker  
  31  2:46  Twilight Council  
  31  2:48  Probe  
  31  2:49  Probe  
  33  3:01  Probe  
  33  3:02  Probe  
  35  3:06  Stalker  
  37  3:14  Probe x2  
  39  3:26  Probe, Dark Shrine  
  41  3:27  Probe  
  41  3:36  Stalker  
  41  3:39  Probe x2  
  45  3:44  Gateway  
  45  3:52  Probe x2  
  45  3:55  Gateway  
  47  3:58  Pylon  
  47  4:03  Assimilator  
  47  4:05  Probe x2, Assimilator  
  47  4:09  Sentry  
  51  4:19  Probe x2  
  51  4:21  Gateway  
  51  4:23  Pylon  
  53  4:32  Probe x2  
  55  4:39  Dark Templar  
  57  4:45  Forge  
  57  4:47  Dark Templar  
  57  4:48  Probe  
  57  4:49  Probe, Robotics Facility  
  61  4:53  Dark Templar  
  63  5:01  Probe  
  63  5:02  Forge  
  63  5:06  Pylon, Probe  
  65  5:12  Dark Templar  
  67  5:16  Probe  
  67  5:17  Dark Templar  
  70  5:24  Pylon, Probe  
  70  5:26  Stalker  
  73  5:30  Stalker  
  73  5:32  Probe  
  76  5:36  Observer  
  76  5:38  Probe  
  78  5:44  Stalker  
  78  5:47  Probe  
  78  5:49  Pylon  
  81  5:50  Stalker  
  81  5:53  Probe  
  81  5:55  Stalker  
  86  6:01  Pylon  
  86  6:08  Probe x2, Observer  
  86  6:09  Stalker x2  
  93  6:21  Zealot, Pylon  
  93  6:22  Zealot  
  93  6:25  Charge  
  97  6:26  Probe  
  97  6:28  Probe  
  99  6:38  Stargate  
  99  6:45  Pylon  
Tags
 
Add a new tag
Caveats
  • Supply blocks, unpowered buildings, or Contaminate may cause inaccurate times.
  • Supply counts are checked every 10 seconds.